 Dungeon Crawl Stone Soup version 0.27-a0-906-g0a00ce863d (webtiles) character file.

Game seed: 1986603279020779809

172 lunkers the Magician (level 5, 0/39 HPs)
             Began as a Djinni Air Elementalist on Apr 7, 2021.
             Slain by Grinder (4 damage)
             ... on level 3 of the Dungeon.
             The game lasted 00:02:26 (2553 turns).

lunkers the Magician (Djinni Air Elementalist)      Turns: 2553, Time: 00:02:27

Health: 0/39       AC:  2    Str:  7    XL:     5   Next: 52%
Gold:   110        EV: 12    Int: 17    God:
                   SH:  0    Dex: 14

rFire    + + .     SeeInvis .   e - staff of air
rCold    x . .     Faith    .   (no shield)
rNeg     . . .     Spirit   .   a - +0 robe
rPois    ∞         Reflect  .   (no helmet)
rElec    +         Harm     .   (no cloak)
rCorr    .         Rampage  .   (no gloves)
Will     .....                  (boots unavailable)
Stlth    ++........             (no amulet)
HPRegen  0.13/turn              (no ring)
MPRegen  0.00/turn              (no ring)

@: flying
A: fire resistance 2, cold vulnerability 1, float, innate caster, hp casting,
extra vitality 1
a: no special abilities


You were on level 3 of the Dungeon.
You visited 1 branch of the dungeon, and saw 3 of its levels.

You collected 110 gold pieces.

Inventory:

Armour
 a - a +0 robe (worn)
Magical Staves
 e - a staff of air (weapon)
Jewellery
 j - a ring of wizardry
Wands
 m - a wand of digging (3)
Scrolls
 d - a scroll of brand weapon {unknown}
 g - a scroll of immolation {unknown}
 h - a scroll of holy word {unknown}
 i - 2 scrolls of identify {unknown}
 k - a scroll of enchant weapon {unknown}
 l - a scroll of enchant armour {unknown}
 n - a scroll of fear {unknown}
Potions
 b - a potion of attraction {unknown}
 c - 2 potions of magic {unknown}
 f - a potion of brilliance {unknown}


   Skills:
 + Level 2.6 Fighting
 - Level 2.1 Dodging
 - Level 1.5 Stealth
 * Level 4.5 Spellcasting


You couldn't memorise any spells.
You knew the following spells:

 Your Spells              Type           Power      Damage    Failure   Level
a - Shock                 Conj/Air       100%       1d9       2%          1
b - Swiftness             Air            28%        N/A       3%          2
c - Static Discharge      Conj/Air       28%        N/A       7%          3
d - Airstrike             Air            14%        N/A       24%         4
e - Lightning Bolt        Conj/Air       14%        1d27      54%         5
f - Pain                  Necr           76%        1d7       2%          1
g - Passwall              Tmut/Erth      15%        N/A       3%          2
Your spell library was empty.

Dungeon Overview and Level Annotations

Branches:
Dungeon (3/15)

Altars:
Fedhas
Hepliaklqana

Annotations:
D:3 1 runed translucent door, Crazy Yiuf, Grinder


Innate Abilities, Weirdness & Mutations

You are immune to poison.
Your flesh is very heat resistant. (rF++)
You are vulnerable to cold. (rC-)
You float through the air rather than walking.
You learn spells naturally, not from books.
Your magical power is your life essence.
You have superior vitality. (+4 HP)


Message History

Casting: Shock (safe; 2% risk of failure)
Confirm with . or Enter, or press ? or * to list all spells.
You feel a surge of power!
The zap hits the dart slug.
You kill the dart slug!
No target in view!
No target in view!
No target in view!
Grinder comes into view.
Grinder shouts!
You hear an angry growl.
Casting: Shock (safe; 2% risk of failure)
Confirm with . or Enter, or press ? or * to list all spells.
You feel a surge of power!
The zap hits Grinder.
Grinder is lightly wounded.
Grinder gestures at you. Pain shoots through your body!
Casting: Shock (safe; 2% risk of failure)
Confirm with . or Enter, or press ? or * to list all spells.
Okay, then.
Casting: Shock (safe; 2% risk of failure)
Confirm with . or Enter, or press ? or * to list all spells.
You feel a surge of power!
Grinder is struck by an arc of lightning.
Grinder is lightly wounded.
The lightning grounds out.
Grinder hits you!
* * * LOW HITPOINT WARNING * * *
You writhe in agony.
* * * LOW HITPOINT WARNING * * *
Casting: Static Discharge (dangerous; 7% risk of failure)
Confirm with . or Enter, or press ? or * to list all spells.
You feel a surge of power!
Grinder is struck by an arc of lightning.
Grinder is lightly wounded.
You resist.
You are struck by an arc of lightning.
* * * LOW HITPOINT WARNING * * *
The lightning grounds out.
* * * LOW HITPOINT WARNING * * *
Grinder hits you.
* * * LOW HITPOINT WARNING * * *
You writhe in agony.
You die...

........#......#†.#..
####.##.#......#.>..
###...............#
#.................# #
#.#.###.###.......#.#
#.#.###...........#.#
#.#.................#
#.#####....#.##..5###
#. #.#..####.@.#####
#. #.#..# #.........
#. ###..# #.#.######
#..# .....# #..#
####..# #... ...
..... ..## ##### ###


You could see Grinder.

Vanquished Creatures
  An orc priest (D:2)
  Ijyb (D:3)
  3 gnolls
  4 adders
  A worm (D:2)
  2 dart slugs (D:3)
  4 orcs (D:2)
  2 bats (D:1)
  2 endoplasms
  4 giant cockroaches
  4 goblins
  4 hobgoblins
  3 quokkas
  4 ball pythons
  2 frilled lizards
  3 kobolds (D:1)
  4 rats
48 creatures vanquished.

Vanquished Creatures (others)
  An endoplasm (D:1)
1 creature vanquished.

Grand Total: 49 creatures vanquished

Notes
Turn   | Place    | Note
-------+----------+-------------------------------------------
     0 | D:1      | lunkers the Djinni Air Elementalist began the quest for the
                  | Orb.
     0 | D:1      | Reached XP level 1. HP: 15/15 MP: 0/0
   269 | D:1      | Reached skill level 3 in Spellcasting
   269 | D:1      | Reached XP level 2. HP: 21/22 MP: 0/0
   300 | D:1      | Found a faded altar of an unknown god.
   428 | D:1      | Reached skill level 1 in Fighting
   838 | D:2      | Found a hazy altar of Hepliaklqana.
  1094 | D:2      | Reached XP level 3. HP: 24/27 MP: 0/0
  1094 | D:2      | Learned a level 1 spell: Pain
  1469 | D:2      | Reached XP level 4. HP: 14/33 MP: 0/0
  1962 | D:3      | Found a blossoming altar of Fedhas.
  2035 | D:3      | Reached skill level 4 in Spellcasting
  2117 | D:3      | Reached XP level 5. HP: 33/38 MP: 0/0
  2117 | D:3      | Learned a level 2 spell: Passwall
  2117 | D:3      | Noticed Ijyb
  2298 | D:3      | Killed Ijyb
  2432 | D:3      | Found a runed translucent door.
  2433 | D:3      | Noticed Crazy Yiuf
  2548 | D:3      | Noticed Grinder
  2553 | D:3      | Slain by Grinder

Illustrated notes

Levels and vault maps discovered:
D:1:      zelgadis_glass_arrival_small, layout_rooms, basic_ecumenical_altar,
          lemuel_old_faithful
D:2:      layout_basic, basic_altar
D:3:      layout_basic, fedhas_altar_2, uniq_ijyb, uniq_grinder, uniq_terence,
          uniq_crazy_yiuf_cottage

Skill      XL: |  1  2  3  4 |
---------------+-------------+-----
Spellcasting   | 3 4 |  4.5
Fighting       | 1 2 |  2.6
Dodging        | |  2.1
Stealth        | |  1.5

Action                   |  1- 3 |  4- 6 || total
-------------------------+-------+-------++-------
 Cast: Shock             |    62 |    43 ||   105
       Static Discharge  |       |     2 ||     2
Dodge: Dodged            |     2 |     7 ||     9

Table legend: (Time is in decaauts)
 A = Elapsed time spent in this place.
 B = Non-inter-level travel time spent in this place.
 C = Inter-level travel time spent in this place.
 D = Time resting spent in this place.
 E = Time spent auto-exploring this place.
 F = Levels seen in this place.
 G = Mean time per level.
                   A        B        C        D        E       F      G
               +--------+--------+--------+--------+--------+-----+--------+
         Total |   2553 |   2522 |     31 |      0 |   2261 |   3 |  851.0 |
       Dungeon |   2553 |   2522 |     31 |      0 |   2261 |   3 |  851.0 |
               +--------+--------+--------+--------+--------+-----+--------+

Top non-repeatable levels by time:
     D:2: 1203 daAuts
     D:1: 833 daAuts
     D:3: 516 daAuts
